 Dungeon Crawl Stone Soup version 0.28.0-53-g5a82cb258f (webtiles) character file.

Game seed: 17663808077812419209

128 issech the Chopper (level 4, 0/40 HPs)
             Began as a Minotaur Monk on June 7, 2022.
             Succumbed to Robin's poison
             ... on level 2 of the Dungeon.
             The game lasted 00:04:40 (1815 turns).

issech the Chopper (Minotaur Monk)                  Turns: 1815, Time: 00:04:40

Health: 0/40       AC:  3    Str: 16    XL:     4   Next: 86%
Magic:  3/3        EV: 13    Int:  7    God:
Gold:   52         SH:  0    Dex: 14    Spells: 3/3 levels left

rFire   . . .      SeeInvis .   a - +0 hand axe
rCold   . . .      Faith    .   (no shield)
rNeg    . . .      Spirit   .   b - +0 robe
rPois   .          Reflect  .   (helmet restricted)
rElec   .          Harm     .   k - +0 cloak
rCorr   .          Rampage  .   (no gloves)
Will    .....                   (no boots)
Stlth   ++........              (no amulet)
HPRegen 0.13/turn               (no ring)
MPRegen 0.08/turn               (no ring)

@: lethally poisoned (0 -> -11)
A: horns 2, retaliatory headbutt
a: no special abilities


You were on level 2 of the Dungeon.
You visited 1 branch of the dungeon, and saw 2 of its levels.

You collected 52 gold pieces.

Inventory:

Hand Weapons
 a - a +0 hand axe (weapon)
 j - a +0 hunting sling
Missiles
 h - 33 stones (quivered)
Armour
 b - a +0 robe (worn)
 k - a +0 cloak (worn)
 m - a +0 robe of willpower
Magical Staves
 f - a staff of conjuration
Scrolls
 d - a scroll of blinking {unknown}
 e - a scroll of magic mapping {unknown}
 g - a scroll of identify {unknown}
 n - 3 scrolls of holy word {unknown}
 o - a scroll of teleportation {unknown}
Potions
 c - a potion of ambrosia {unknown}
 i - a potion of curing {unknown}
 l - a potion of brilliance {unknown}
 p - a potion of might {unknown}


   Skills:
 + Level 4.2 Fighting
 + Level 5.8 Axes
 + Level 3.9 Dodging
 + Level 1.8 Stealth


You had 3 spell levels left.
You didn't know any spells.
Your spell library contained the following spells:

 Spells                   Type           Power      Damage    Failure   Level
 Animate Dead             Necr           0%         N/A       99%         4
 Borgnjor's Vile Clutch   Necr/Erth      0%         N/A       100%        5
 Death Channel            Necr           0%         N/A       100%        6


Dungeon Overview and Level Annotations

Branches:
Dungeon (2/15)

Altars:

Shops:
D:1 !

Annotations:
D:2 Robin


Innate Abilities, Weirdness & Mutations

You have a pair of horns on your head.
You reflexively headbutt those who attack you in melee.


Message History

The goblin barely misses you. The goblin hits you with a +0 dagger.
You hit the goblin but do no damage. Your headbutt misses the goblin.
The goblin is severely wounded.
You hit the goblin.
You kill the goblin!
Robin barely misses you. The goblin hits you with a +0 club.
You slash the goblin!
You kill the goblin!
The hobgoblin no longer looks unusually strong.
Robin barely misses you.
You hit the hobgoblin.
The hobgoblin is severely wounded.
Robin hits you from afar with a +0 spear of venom.
You are poisoned.
The hobgoblin misses you.
You closely miss the hobgoblin.
The hobgoblin is severely wounded.
You feel sick. Robin barely misses you. The hobgoblin barely misses you.
You hit the hobgoblin but do no damage.
The hobgoblin is severely wounded.
You feel sick.
The hobgoblin no longer looks unusually strong.
Robin misses you. The hobgoblin misses you. You furiously retaliate!
You headbutt the hobgoblin.
You kill the hobgoblin!
You hit the bat. You headbutt the bat.
You kill the bat!
You feel sick.
Robin hits you from afar with a +0 spear of venom.
* * * LOW HITPOINT WARNING * * *
You are lethally poisoned!
You hit the hobgoblin.
You headbutt the hobgoblin, but do no damage.
The hobgoblin is lightly wounded.
* * * LOW HITPOINT WARNING * * *
You feel very sick. Robin barely misses you. The hobgoblin barely misses you.
You barely miss the hobgoblin. You headbutt the hobgoblin.
You kill the hobgoblin!
You die...

...........#
#.#
.....##'####
#.# ..<..
#.# ##.#
.###
#.#####..#
#........#
#####.##.#
#....#
#.#))#
#.##@#
#.##)#
#..g.#
####.. ...
#... #...
##.(.


You could see Robin.

Vanquished Creatures
  An orc priest (D:2)
  An orc wizard (D:2)
  An adder (D:2)
  3 orcs (D:2)
  3 bats
  4 endoplasms
  12 goblins
  7 hobgoblins
  8 jackals
  4 kobolds (D:1)
  5 ball pythons
  3 frilled lizards
  5 rats
57 creatures vanquished.

Notes
Turn   | Place    | Note
-------+----------+-------------------------------------------
     0 | D:1      | issech the Minotaur Monk began the quest for the Orb.
     0 | D:1      | Reached XP level 1. HP: 19/19 MP: 0/0
     6 | D:1      | Noticed a water moccasin
     6 | D:1      | Noticed a polar bear
     7 | D:1      | Noticed a wolf
     7 | D:1      | Noticed a killer bee
    57 | D:1      | Found Jimaapn's Distillery.
   286 | D:1      | Reached XP level 2. HP: 13/27 MP: 1/1
   610 | D:1      | Reached skill level 4 in Axes
  1048 | D:1      | Reached XP level 3. HP: 22/33 MP: 2/2
  1588 | D:2      | Reached skill level 5 in Axes
  1588 | D:2      | Reached XP level 4. HP: 39/40 MP: 3/3
  1787 | D:2      | Noticed Robin
  1815 | D:2      | Succumbed to Robin's poison

Illustrated notes

Levels and vault maps discovered:
D:1:      onia_arrival_zoo_common, layout_basic, serial_shops,
          nicolae_shop_waterfront
D:2:      cheibrodos_pilgrimage, layout_basic, minmay_large_rounded_square,
          uniq_robin, uniq_terence

Skill      XL: |  1  2  3 |
---------------+----------+-----
Axes           | 4 5 |  5.8
Fighting       | 4 |  4.2
Dodging        | |  3.9
Stealth        | |  1.8

Action                   |  1- 3 |  4- 6 || total
-------------------------+-------+-------++-------
Melee: Hand axe          |    60 |    39 ||    99
       Headbutt          |    12 |    10 ||    22
       Punch             |     1 |       ||     1
Throw: Stone             |     4 |       ||     4
 Stab: Sleeping          |     1 |       ||     1
Armor: Robe              |    13 |     4 ||    17
Dodge: Dodged            |    73 |    28 ||   101
